 Dungeon Crawl Stone Soup version 0.30.0-15-g856e2d3f33 (webtiles) character file.

Game seed: 5681295602503654217

56 qw the Chopper (level 3, -5/23 HPs)
             Began as a Gargoyle Fighter on May 21, 2023.
             Slain by Sigmund
             ... wielding a +0 scythe
              (9 damage)
             ... on level 2 of the Dungeon.
             The game lasted 00:00:34 (1020 turns).

qw the Chopper (Gargoyle Fighter)                   Turns: 1020, Time: 00:00:35

Health: -5/23      AC: 10    Str: 21    XL:     3   Next: 97%
Magic:  3/3        EV:  9    Int:  8    God:
Gold:   141        SH:  0    Dex:  9    Spells: 2/2 levels left

rFire   . . .        Y - +0 war axe
rCold   . . .        c - +0 buckler
rNeg    + . .        b - +0 scale mail
rPois   inf          (no helmet)
rElec   +            (no cloak)
rCorr   .            (no gloves)
SInv    .            (no boots)
Will    .....        (no amulet) Stlth
                     (no ring)
HPRegen 0.23/turn    (no ring)
MPRegen 0.08/turn

%: no passive effects
@: confused
A: sickness immunity, AC +3, negative energy resistance 1, electricity
resistance, torment resistance 1, petrification resistance
a: no special abilities


You were on level 2 of the Dungeon.
You visited 1 branch of the dungeon, and saw 2 of its levels.

You collected 141 gold pieces.


Innate Abilities, Weirdness & Mutations

You are immune to sickness and miasma.
Your stone body is resilient. (AC +3)
You are immune to poison.
You resist negative energy. (rN+)
You are resistant to electric shocks. (rElec)
You are resistant to unholy torment.
You are immune to petrification.


   Skills:
 - Level 3.2 Fighting
 + Level 3.7 Axes
 - Level 3.2 Armour
 - Level 3.2 Shields


You had 2 spell levels left.
You didn't know any spells.
Your spell library was empty.

Inventory:

Hand Weapons
 h - a +0 club
 Y - a +0 war axe (weapon)
Missiles
 j - 3 silver boomerangs (quivered)
Armour
 b - a +0 scale mail (worn)
 c - a +0 buckler (worn)
Scrolls
 a - a scroll of torment {unknown}
 l - a scroll of teleportation {unknown}
Potions
 d - a potion of might
 e - a potion of mutation {unknown}
 f - a potion of haste
 g - a potion of lignification {unknown}
 i - 3 potions of degeneration {unknown}
 k - a potion of brilliance {unknown}
 m - a potion of heal wounds {unknown}

Dungeon Overview and Level Annotations

Branches:
Dungeon (2/15)

Altars:

Annotations:
D:2 Sigmund


Message History

The adder is heavily wounded.
The adder barely misses you. The adder misses you.
You hit the adder.
The adder is heavily wounded.
The adder closely misses you. The adder bites you.
You hit the adder.
The adder is almost dead.
The adder completely misses you.
You slash the adder!
You kill the adder!
You start resting.
HP restored.
You see here an adder corpse.
You see here a book of Frost.
Sigmund the Dreaded comes into view.
He is wielding a +0 scythe and wearing a +2 robe of cold resistance.
Sigmund shouts!
Sigmund hits you from afar with a +0 scythe!
Sigmund gestures at you while chanting.
You are confused.
Sigmund hits you with a +0 scythe! Sigmund completely misses you.
Sigmund screams, "I am the angel of ZOT!!!"
Sigmund closely misses you.
You feel less confused.
Sigmund gestures wildly while chanting.
Sigmund flickers and vanishes!
Deactivating autopickup; reactivate with Ctrl-A.
You completely miss something.
You hear some strange, mumbled words.
You are confused.
You hear some strange, mumbled words.
A magic dart appears from out of thin air!
The magic dart hits you but does no damage.
You bump into the rock wall.
Something hits you but does no damage.
You barely miss something. Something hits you.
You closely miss something. Something hits you!
You die...

###.###.#.# #.
#.....#.# #.
#######.#######
................
#............... #
#...............
#.####...............
#.{..#...............
####@#...............
#.#.....%.........
###.#...............
#...####...#........
#.### #...#....:...
#.# #...######### #.#
#...# #.# #...#######
#.# #.........#


There were no monsters in sight!

Vanquished Creatures
  3 adders (D:2)
  A worm (D:2)
  A dart slug (D:1)
  An endoplasm (D:1)
  4 goblins
  A hobgoblin (D:1)
  2 quokkas (D:1)
  A ball python (D:1)
  4 bats
  4 frilled lizards
  2 kobolds
  4 rats (D:2)
28 creatures vanquished.

Notes
Turn   | Place    | Note
-------+----------+-------------------------------------------
     0 | D:1      | qw the Gargoyle Fighter began the quest for the Orb.
     0 | D:1      | Reached XP level 1. HP: 14/14 MP: 1/1
     0 | D:1      | 0 ||| qw: Version: 0.2-a-98-g16b38d9
     0 | D:1      | 0 ||| qw: Game counter: 15
     0 | D:1      | 0 ||| qw: Always use a shield: true
     0 | D:1      | 0 ||| qw: God list: Okawaru
     0 | D:1      | 0 ||| qw: Allow faded altars: false
     0 | D:1      | 0 ||| qw: Do Orc after D:15 true
     0 | D:1      | 0 ||| qw: Do second Lair branch before Depths: true
     0 | D:1      | 0 ||| qw: Lair rune preference: random
     0 | D:1      | 0 ||| qw: Plans: Normal, Zot:1-4, God:TSO, Crypt, Tomb,
                  | Pan, Slime:5, Hells, Abyss, Win
     0 | D:1      | 0 ||| PLANNING D:1-11
   151 | D:1      | 151 ||| Stepping ~*~*~tactically~*~*~ (stealth).
   216 | D:1      | Reached XP level 2. HP: 17/19 MP: 2/2
   233 | D:1      | 233 ||| Stepping ~*~*~tactically~*~*~ (hiding).
   586 | D:1      | 586 ||| READING scroll labelled FYUFFE XUICIOH.
   587 | D:1      | 587 ||| READING scroll labelled WINIAGHIDEFF.
   588 | D:1      | 588 ||| DRINKING 2 coppery potions.
   631 | D:2      | Reached skill level 3 in Axes
   651 | D:2      | Reached XP level 3. HP: 21/23 MP: 3/3
  1008 | D:2      | Noticed Sigmund
  1018 | D:2      | HP: 3/23 [something (5)]
  1020 | D:2      | Slain by Sigmund

Levels and vault maps discovered:
D:1:      dpeg_arrival_three_smaller_balls, layout_basic
D:2:      layout_basic, uniq_sigmund

Skill      XL: |  1  2 |
---------------+-------+-----
Axes           | 2 3 |  3.7
Fighting       | |  3.2
Armour         | |  3.2
Shields        | |  3.2

Action                     || total
---------------------------++-------
  Melee: War axe           ||   111
  Throw: Boomerang         ||    13
    Use: Scroll            ||     2
         Potion            ||     1
 Armour: Scale mail        ||    61
  Dodge: Dodged            ||    54
  Block: Buckler           ||    14

Table legend:
 A = Non-vault XP
 B = Vault XP
 C = Vault XP percentage of total XP
 D = Non-vault monster count
 E = Vault monster count
 F = Vault count percentage of total count
                 A         B        C        D         E       F
            +---------+---------+-------+---------+---------+-------
      Total |      81 |       0 |   0.0 |      28 |       0 |   0.0
            +---------+---------+-------+---------+---------+-------
        D:1 |      27 |       0 |   0.0 |      16 |       0 |   0.0
        D:2 |      54 |       0 |   0.0 |      12 |       0 |   0.0
            +---------+---------+-------+---------+---------+-------
